[Event "FIDE WYCC Open U18 2023"]
[Site "Montesilvano"]
[Date "2023.11.16"]
[Round "4.15"]
[White "Cesar Maestre, Bernardo"]
[Black "Kienboeck, Benjamin"]
[Result "1-0"]
[ECO "B12"]
[WhiteElo "2373"]
[BlackElo "2228"]
[Annotator "RC"]
[PlyCount "57"]
[EventDate "2023.11.13"]
[EventType "swiss"]
[EventCountry "ITA"]
[SourceTitle "playchess.com"]
[Source "ChessBase"]
[SourceQuality "1"]
[TimeControl "40/5400+30:1800+30"]

1. e4 c6 2. d4 d5 3. e5 c5 4. Nf3 cxd4 5. Qxd4 Nc6 6. Qf4 e6 7. Bd3 Nb4 8. Nc3 Nxd3+ 9. cxd3 Nh6 10. Ne2 Nf5 11. O-O Be7 12. Ng3 Nh4 13. Nxh4 Bxh4 14. Nh5 g6 15. Nf6+ Bxf6 16. exf6 d4 17. Bd2 Bd7 18. Bb4 Bc6 19. Be7 Qd5 20. f3 g5 21. Qg3 h5 22. Rac1 h4 23. Qc7 Qd7 24. Qa5 g4 25. Qg5 Qd5 26. Qxg4 Kd7 27. Rc5 Qxa2 28. Qxd4+ Bd5 29. Qe5 1-0

[Event "FIDE WYCC Open U18 2023"]
[Site "Montesilvano"]
[Date "2023.11.16"]
[Round "4.16"]
[White "Mayank Chakraborty"]
[Black "Loftgaard, Mikkel Vinh"]
[Result "1/2-1/2"]
[ECO "B22"]
[WhiteElo "2368"]
[BlackElo "2225"]
[Annotator "RC"]
[PlyCount "60"]
[EventDate "2023.11.13"]
[EventType "swiss"]
[EventCountry "ITA"]
[SourceTitle "playchess.com"]
[Source "ChessBase"]
[SourceQuality "1"]
[TimeControl "40/5400+30:1800+30"]

1. e4 c5 2. c3 d5 3. exd5 Qxd5 4. d4 Nc6 5. Nf3 Bg4 6. Be2 cxd4 7. cxd4 e6 8. Nc3 Bb4 9. O-O Qa5 10. a3 Bxc3 11. bxc3 Nf6 12. Qb3 Qb6 13. Qxb6 axb6 14. h3 Bh5 15. g4 Bg6 16. Ne5 Ne4 17. Bb2 Nxe5 18. dxe5 O-O 19. Rad1 Nc5 20. Rd6 Na4 21. Ba1 Nc5 22. Bb2 Na4 23. Ba1 Nc5 24. Rxb6 Rxa3 25. c4 Ra2 26. Bf3 Rc2 27. Rb4 Bd3 28. Rd1 Bxc4 29. Bd4 Ba6 30. Rb6 Na4 1/2-1/2

[Event "FIDE WYCC Open U18 2023"]
[Site "Montesilvano"]
[Date "2023.11.16"]
[Round "4.17"]
[White "Ochedzan, Tymon"]
[Black "Manish Anto Cristiano F"]
[Result "1-0"]
[ECO "C95"]
[WhiteElo "2190"]
[BlackElo "2366"]
[Annotator "RC"]
[PlyCount "167"]
[EventDate "2023.11.13"]
[EventType "swiss"]
[EventCountry "ITA"]
[SourceTitle "playchess.com"]
[Source "ChessBase"]
[SourceQuality "1"]
[TimeControl "40/5400+30:1800+30"]

1. e4 e5 2. Nf3 Nc6 3. Bb5 a6 4. Ba4 Nf6 5. O-O Be7 6. Re1 b5 7. Bb3 O-O 8. c3 d6 9. h3 Nb8 10. d4 Nbd7 11. Nbd2 Bb7 12. a3 h6 13. Bc2 Re8 14. Rf1 Rf8 15. Re1 Re8 16. Nf1 Bf8 17. Ng3 d5 18. exd5 exd4 19. Nxd4 Rxe1+ 20. Qxe1 Nxd5 21. a4 c5 22. Ndf5 N7f6 23. Ne4 Nd7 24. Neg3 N7f6 25. Ne4 Qd7 26. Neg3 Qd8 27. Ne4 Qd7 28. Nxf6+ Nxf6 29. Ng3 Nd5 30. Nf5 Nf6 31. axb5 Re8 32. Qf1 axb5 33. Be3 Ne4 34. Ra7 Qc6 35. Bd3 c4 36. Bc2 Qd5 37. Qd1 Qc6 38. Qf1 Qd5 39. Qd1 Qc6 40. Qf1 Qd5 41. Qd1 Qc6 42. Nd4 Qb6 43. Nb3 Nc5 44. Rxb7 Qxb7 45. Nxc5 Qc6 46. Qd7 Rc8 47. Qd1 Re8 48. Qd7 Rc8 49. Bf5 Re8 50. Bc2 Rc8 51. Bf5 Qxd7 52. Nxd7 Ra8 53. Nxf8 Ra1+ 54. Kh2 Kxf8 55. Bd7 Ra2 56. Bf5 Ra1 57. Bd7 Ra2 58. Bc5+ Kg8 59. Be3 Kf8 60. Bc5+ Kg8 61. Be3 Kf8 62. Bc5+ Kg8 63. Ba3 b4 64. Bxb4 Rxb2 65. Kg3 h5 66. Bb5 h4+ 67. Kf3 g5 68. Bxc4 Kg7 69. Bd3 Kg8 70. Bc4 Kg7 71. Bd3 Rd2 72. Be4 Kh6 73. Kg4 Kg7 74. Kf3 Kh6 75. Kg4 Kg7 76. Kxg5 Rxf2 77. Bf3 Rb2 78. Be4 Rf2 79. Bf3 Rb2 80. Be4 Rf2 81. Bf3 Ra2 82. Be4 Rf2 83. Bf3 Ra2 84. Kxh4 1-0

[Event "FIDE WYCC Open U18 2023"]
[Site "Montesilvano"]
[Date "2023.11.16"]
[Round "4.18"]
[White "Talibov, Shiroghlan"]
[Black "Otero Marino, Alain"]
[Result "1/2-1/2"]
[ECO "C56"]
[WhiteElo "2362"]
[BlackElo "2204"]
[Annotator "RC"]
[PlyCount "100"]
[EventDate "2023.11.13"]
[EventType "swiss"]
[EventCountry "ITA"]
[SourceTitle "playchess.com"]
[Source "ChessBase"]
[SourceQuality "1"]
[TimeControl "40/5400+30:1800+30"]

1. e4 e5 2. Nf3 Nc6 3. Bc4 Nf6 4. d4 exd4 5. e5 d5 6. Bb5 Ne4 7. Nxd4 Bc5 8. Be3 O-O 9. Bxc6 bxc6 10. Nd2 Bxd4 11. Bxd4 Qg5 12. Be3 Qd8 13. Bd4 Qg5 14. Be3 Qd8 15. Bd4 Qg5 16. Be3 Qd8 17. Bd4 Qg5 18. Be3 Qd8 19. Bd4 Qg5 20. Nxe4 dxe4 21. Qd2 h6 22. Qxg5 hxg5 23. h4 Rd8 24. O-O-O g4 25. Rhe1 Bf5 26. Rh1 Bc8 27. Rhe1 Bf5 28. Be3 Rd5 29. Rxd5 cxd5 30. Rd1 Be6 31. Bc5 Bf5 32. Be3 Be6 33. Bc5 Bf5 34. Be3 Be6 35. Bc5 Bf5 36. Be3 Be6 37. Bc5 Kh7 38. g3 Kg6 39. c3 a6 40. b4 a5 41. Rd2 a4 42. a3 Rb8 43. Kb2 Ra8 44. Kc1 Rb8 45. Kb2 Ra8 46. Kc1 Rb8 47. Kb2 Ra8 48. Kc1 Rb8 49. Kb2 Ra8 50. Kc1 Rb8 1/2-1/2

[Event "FIDE WYCC Open U18 2023"]
[Site "Montesilvano"]
[Date "2023.11.16"]
[Round "4.19"]
[White "Bermudez Ureba, Juan Diego"]
[Black "Krallis, Christos"]
[Result "0-1"]
[ECO "B23"]
[WhiteElo "2186"]
[BlackElo "2339"]
[Annotator "RC"]
[PlyCount "114"]
[EventDate "2023.11.13"]
[EventType "swiss"]
[EventCountry "ITA"]
[SourceTitle "playchess.com"]
[Source "ChessBase"]
[SourceQuality "1"]
[TimeControl "40/5400+30:1800+30"]

1. e4 c5 2. Nc3 Nc6 3. Bb5 e5 4. d3 Nge7 5. Nge2 Ng6 6. O-O Bd6 7. f4 exf4 8. Nxf4 Nd4 9. Nfe2 Nc6 10. Nf4 Nd4 11. Bc4 Ne6 12. Bb5 Nd4 13. Bc4 Ne6 14. Bb5 Nd4 15. Bc4 Ne6 16. Bb5 Nd4 17. Bc4 Ne6 18. Bb5 Nd4 19. Bc4 Ne6 20. Bb5 Nd4 21. Bc4 Ne6 22. Ncd5 Ne5 23. Nh5 Nxc4 24. dxc4 Be5 25. Rf5 d6 26. Qg4 Kf8 27. Qd1 Ke8 28. Qg4 Kf8 29. Qd1 Ke8 30. Qg4 Kf8 31. Qd1 Ke8 32. Qg4 Kf8 33. Qd1 Ke8 34. Qg4 Kf8 35. Qd1 Ke8 36. Qg4 Kf8 37. Qf3 Qe8 38. Be3 Nd4 39. Qf2 Nxf5 40. exf5 f6 41. Qh4 Qf7 42. Nxg7 h5 43. Ne6+ Kg8 44. Ng7 Kf8 45. Ne6+ Kg8 46. Rf1 Rh7 47. Bg5 Rh8 48. Be3 Rh7 49. Bg5 fxg5 50. Qxg5+ Kh8 51. Qd8+ Qg8 52. Nf8 Rg7 53. g3 Rxg3+ 54. Kf2 Rg2+ 55. Ke1 Bxf5 56. Qxa8 Bg3+ 57. Kd1 Qg4+ 0-1

[Event "FIDE WYCC Open U18 2023"]
[Site "Montesilvano"]
[Date "2023.11.16"]
[Round "4.20"]
[White "Baranciuc, Alexandr"]
[Black "Paduano, Claudio"]
[Result "1-0"]
[ECO "D00"]
[WhiteElo "2338"]
[BlackElo "2188"]
[Annotator "RC"]
[PlyCount "123"]
[EventDate "2023.11.13"]
[EventType "swiss"]
[EventCountry "ITA"]
[SourceTitle "playchess.com"]
[Source "ChessBase"]
[SourceQuality "1"]
[TimeControl "40/5400+30:1800+30"]

1. d4 d5 2. Nc3 Nf6 3. Bf4 e6 4. Nb5 Na6 5. e3 c6 6. Nc3 Nc7 7. Nf3 c5 8. Ne5 c4 9. a3 b5 10. Qf3 Bb7 11. Qd1 Bc8 12. Qf3 Bb7 13. g4 Qe7 14. Bg3 Qd8 15. Bf4 Qe7 16. Bg3 Qd8 17. Bf4 Qe7 18. Bg3 b4 19. axb4 Qxb4 20. Be2 h6 21. O-O Bd6 22. Na4 O-O 23. c3 Qb5 24. b3 Rab8 25. Rfb1 Ba8 26. Ng6 fxg6 27. Bxd6 Ne4 28. Bxf8 Rxf8 29. Qh3 Rxf2 30. Bf1 Ne8 31. Be2 Nc7 32. Bf1 Ne8 33. Bg2 N8f6 34. Nc5 Rc2 35. Rxa7 Qb8 36. Rba1 Rc1+ 37. Rxc1 Qxa7 38. Nxe4 dxe4 39. g5 hxg5 40. Qxe6+ Kh7 41. bxc4 Qa3 42. Qh3+ Nh5 43. Rc2 Qb3 44. Rf2 Qa3 45. Rc2 Qb3 46. Rf2 Qxc3 47. d5 Qxc4 48. d6 g4 49. Qxg4 Qc1+ 50. Bf1 Qxe3 51. d7 Qd4 52. Qh3 Qc4 53. Qg4 Qd4 54. Bb5 Qd5 55. Bc4 Qd4 56. Bf7 Nf6 57. Qh4+ Nh5 58. d8=Q Qa1+ 59. Rf1 Qa7+ 60. Qf2 e3 61. Bxg6+ Kh6 62. Qh8+ 1-0

[Event "FIDE WYCC Open U18 2023"]
[Site "Montesilvano"]
[Date "2023.11.16"]
[Round "4.21"]
[White "Bacojo, Mark Jay"]
[Black "Unneland, Mathias"]
[Result "1-0"]
[ECO "D26"]
[WhiteElo "2335"]
[BlackElo "2197"]
[Annotator "RC"]
[PlyCount "77"]
[EventDate "2023.11.13"]
[EventType "swiss"]
[EventCountry "ITA"]
[SourceTitle "playchess.com"]
[Source "ChessBase"]
[SourceQuality "1"]
[TimeControl "40/5400+30:1800+30"]

1. d4 Nf6 2. Nf3 d5 3. c4 e6 4. Nc3 dxc4 5. e3 a6 6. Bxc4 b5 7. Bd3 Bb7 8. Qe2 Nbd7 9. e4 c5 10. e5 cxd4 11. Nxd4 Nb8 12. Nf3 Nbd7 13. Nd4 Nd5 14. Nxe6 Nxc3 15. Nxd8 Nxe2 16. Nxb7 Nxc1 17. Rxc1 Nxe5 18. Ke2 Be7 19. Rc7 Bd8 20. Nd6+ Kf8 21. Rb7 Bf6 22. Be4 Be7 23. Rd1 g6 24. f4 Ng4 25. Rb6 Bd8 26. Rxb5 Ra7 27. Nc8 axb5 28. Nxa7 Bb6 29. Nxb5 Nxh2 30. Rd6 Bc5 31. Rc6 Be7 32. Rc8+ Kg7 33. Rxh8 Kxh8 34. a4 Ng4 35. a5 Nf6 36. a6 Bc5 37. Bc6 Ng4 38. Be4 Nf6 39. Bc6 1-0

[Event "FIDE WYCC Open U18 2023"]
[Site "Montesilvano"]
[Date "2023.11.16"]
[Round "4.22"]
[White "Schouten, Mathias Lind"]
[Black "Czernek, Tymon"]
[Result "1/2-1/2"]
[ECO "B99"]
[WhiteElo "2175"]
[BlackElo "2329"]
[Annotator "RC"]
[PlyCount "92"]
[EventDate "2023.11.13"]
[EventType "swiss"]
[EventCountry "ITA"]
[SourceTitle "playchess.com"]
[Source "ChessBase"]
[SourceQuality "1"]
[TimeControl "40/5400+30:1800+30"]

1. e4 c5 2. Nf3 d6 3. d4 cxd4 4. Nxd4 Nf6 5. Nc3 a6 6. Bg5 e6 7. f4 h6 8. Bh4 Be7 9. Qf3 Qc7 10. O-O-O Nbd7 11. Bd3 g5 12. fxg5 Ne5 13. Qe2 Nfg4 14. Nf3 hxg5 15. Bxg5 Bxg5+ 16. Nxg5 Qc5 17. Nh3 Bd7 18. Rd2 O-O-O 19. Nf2 Nxh2 20. Ncd1 Rdg8 21. Ne3 Bc6 22. a3 Kb8 23. Kb1 Ka7 24. Ka1 b5 25. c3 a5 26. Bb1 Rg3 27. Re1 Rgg8 28. Rh1 Rg3 29. Re1 b4 30. cxb4 axb4 31. Nd3 Nxd3 32. Qxd3 Rd8 33. Qd4 Qxd4 34. Rxd4 bxa3 35. bxa3 Ng4 36. Nxg4 Rxg4 37. Rc1 Rc8 38. Rxd6 Bb7 39. Rxc8 Bxc8 40. Rd8 Bb7 41. Rd7 Rxg2 42. Rxf7 Kb6 43. Rf6 Bc8 44. Ba2 Rg1+ 45. Kb2 Rg2+ 46. Ka1 Rg1+ 1/2-1/2

[Event "FIDE WYCC Open U18 2023"]
[Site "Montesilvano"]
[Date "2023.11.16"]
[Round "4.23"]
[White "Sahakyan, Aleks"]
[Black "Nikolov, Yavor"]
[Result "1-0"]
[ECO "B15"]
[WhiteElo "2303"]
[BlackElo "2067"]
[Annotator "RC"]
[PlyCount "69"]
[EventDate "2023.11.13"]
[EventType "swiss"]
[EventCountry "ITA"]
[SourceTitle "playchess.com"]
[Source "ChessBase"]
[SourceQuality "1"]
[TimeControl "40/5400+30:1800+30"]

1. e4 c6 2. Nf3 d5 3. Nc3 g6 4. d4 Bg7 5. h3 dxe4 6. Nxe4 Nh6 7. Bc4 O-O 8. O-O Nf5 9. c3 Nd6 10. Bd3 Nxe4 11. Bxe4 Nd7 12. Bg5 Nf6 13. Bc2 Bf5 14. Bb3 h6 15. Bh4 g5 16. Bg3 c5 17. Be5 cxd4 18. Nxd4 Bg6 19. Qf3 Ne4 20. Bxg7 Kxg7 21. Rad1 Nd6 22. Nb5 Qb6 23. Nxd6 exd6 24. Rd4 a5 25. Rfd1 a4 26. Rb4 Qxb4 27. cxb4 axb3 28. Qxb3 Rfe8 29. Rxd6 Rac8 30. Qf3 b5 31. Rb6 Rc2 32. Qf6+ Kg8 33. Rxb5 Ra8 34. Rc5 Rd2 35. b5 1-0

[Event "FIDE WYCC Open U18 2023"]
[Site "Montesilvano"]
[Date "2023.11.16"]
[Round "4.24"]
[White "Briem, Benedikt"]
[Black "Melian, Juan Sebastian"]
[Result "1-0"]
[ECO "E05"]
[WhiteElo "2149"]
[BlackElo "2291"]
[Annotator "RC"]
[PlyCount "96"]
[EventDate "2023.11.13"]
[EventType "swiss"]
[EventCountry "ITA"]
[SourceTitle "playchess.com"]
[Source "ChessBase"]
[SourceQuality "1"]
[TimeControl "40/5400+30:1800+30"]

1. d4 d5 2. c4 e6 3. Nf3 Nf6 4. g3 Be7 5. Bg2 O-O 6. O-O dxc4 7. Qc2 b5 8. a4 b4 9. Qxc4 Ba6 10. Qc2 Nbd7 11. Ne5 Nxe5 12. dxe5 Nd5 13. Rd1 Qc8 14. h4 c5 15. Bg5 Bxg5 16. hxg5 Rd8 17. Be4 g6 18. Bf3 Qc7 19. Nd2 Rac8 20. Bxd5 exd5 21. Nf3 d4 22. Rac1 b3 23. Qe4 Bb7 24. Qf4 Bxf3 25. exf3 Rd5 26. Qg4 Re8 27. f4 d3 28. Rd2 c4 29. Qf3 Red8 30. Qe3 Qc5 31. e6 Qxe3 32. exf7+ Kxf7 33. fxe3 Rc8 34. Kf2 Ke6 35. Kf3 Kd6 36. g4 Kc5 37. e4 Rd7 38. e5 Kd4 39. e6 Re7 40. Re1 Kd5 41. f5 Kd6 42. Re4 Rc5 43. Kf4 Re8 44. Rd4+ Kc6 45. f6 h5 46. e7 hxg4 47. Rd8 c3 48. bxc3 Rc4+ 1-0

[Event "FIDE WYCC Open U18 2023"]
[Site "Montesilvano"]
[Date "2023.11.16"]
[Round "4.25"]
[White "Miotto, Alberto"]
[Black "Chyzy, Jakub"]
[Result "0-1"]
[ECO "E11"]
[WhiteElo "2017"]
[BlackElo "2286"]
[Annotator "RC"]
[PlyCount "36"]
[EventDate "2023.11.13"]
[EventType "swiss"]
[EventCountry "ITA"]
[SourceTitle "playchess.com"]
[Source "ChessBase"]
[SourceQuality "1"]
[TimeControl "40/5400+30:1800+30"]

1. d4 Nf6 2. c4 e6 3. Nf3 b6 4. e3 Bb7 5. Bd3 Bb4+ 6. Nbd2 O-O 7. a3 Bxd2+ 8. Bxd2 Ne4 9. Bc1 f5 10. b4 d6 11. Bb2 Nd7 12. O-O Rf6 13. d5 Rg6 14. Qc2 b5 15. Nd4 Ne5 16. Nxe6 Nf3+ 17. Kh1 Qh4 18. h3 Qg3 0-1

[Event "FIDE WYCC Open U18 2023"]
[Site "Montesilvano"]
[Date "2023.11.16"]
[Round "4.26"]
[White "Eidelman, Gabriel"]
[Black "Oluka Robert Mcligeyo"]
[Result "1-0"]
[ECO "D34"]
[WhiteElo "2284"]
[BlackElo "2038"]
[Annotator "RC"]
[PlyCount "63"]
[EventDate "2023.11.13"]
[EventType "swiss"]
[EventCountry "ITA"]
[SourceTitle "playchess.com"]
[Source "ChessBase"]
[SourceQuality "1"]
[TimeControl "40/5400+30:1800+30"]

1. Nf3 d5 2. g3 Nf6 3. Bg2 e6 4. d4 c5 5. c4 cxd4 6. O-O Be7 7. Nxd4 O-O 8. cxd5 exd5 9. Nc3 Nc6 10. h3 h6 11. Be3 Ne5 12. Qb3 Nc4 13. Bf4 Bc5 14. Rad1 Bxd4 15. Rxd4 Na5 16. Qd1 Nc6 17. Rd2 Be6 18. Nxd5 Nxd5 19. Bxd5 Bxd5 20. Rxd5 Qb6 21. Qd2 Rfd8 22. e4 Nb4 23. Be3 Rxd5 24. exd5 Qb5 25. Rc1 b6 26. d6 Rd8 27. a4 Qxa4 28. Rc4 Qa1+ 29. Kh2 Na6 30. d7 Nc5 31. Bxc5 bxc5 32. Re4 1-0

[Event "FIDE WYCC Open U18 2023"]
[Site "Montesilvano"]
[Date "2023.11.16"]
[Round "4.27"]
[White "Tadic, Stefan"]
[Black "Pozzari, Simone"]
[Result "1-0"]
[ECO "D02"]
[WhiteElo "2407"]
[BlackElo "2186"]
[Annotator "RC"]
[PlyCount "81"]
[EventDate "2023.11.13"]
[EventType "swiss"]
[EventCountry "ITA"]
[SourceTitle "playchess.com"]
[Source "ChessBase"]
[SourceQuality "1"]
[TimeControl "40/5400+30:1800+30"]

1. d4 d5 2. Nf3 e6 3. Bf4 c5 4. e3 Nc6 5. Nbd2 Nf6 6. c3 Nh5 7. Bg5 f6 8. Bh4 g6 9. Bd3 cxd4 10. cxd4 Bd6 11. O-O O-O 12. Rc1 Bd7 13. a3 Qe7 14. g4 g5 15. gxh5 gxh4 16. Nxh4 Kh8 17. Kh1 f5 18. Ng2 f4 19. Be2 e5 20. dxe5 Qxe5 21. Nf3 Qxh5 22. Rxc6 bxc6 23. Qd4+ Kg8 24. Nxf4 Bxf4 25. Rg1+ Bg4 26. exf4 c5 27. Qe5 Rf5 28. Qc7 Qg6 29. Nh4 Rf7 30. Nxg6 Rxc7 31. Ne5 h5 32. h3 Rb8 33. hxg4 hxg4 34. Bxg4 Rh7+ 35. Kg2 Rxb2 36. Be6+ Kf8 37. Ng6+ Kg7 38. f5 Kf6 39. Rc1 Rc7 40. Nf4 Rg7+ 41. Kf1 1-0

[Event "FIDE WYCC Open U18 2023"]
[Site "Montesilvano"]
[Date "2023.11.16"]
[Round "4.28"]
[White "Nied, Pascal"]
[Black "Colbow, Collin"]
[Result "1/2-1/2"]
[ECO "B60"]
[WhiteElo "2172"]
[BlackElo "2403"]
[Annotator "RC"]
[PlyCount "79"]
[EventDate "2023.11.13"]
[EventType "swiss"]
[EventCountry "ITA"]
[SourceTitle "playchess.com"]
[Source "ChessBase"]
[SourceQuality "1"]
[TimeControl "40/5400+30:1800+30"]

1. e4 c5 2. Nf3 d6 3. d4 cxd4 4. Nxd4 Nf6 5. Nc3 Nc6 6. Bg5 Bd7 7. Qd3 Rc8 8. Be2 Ne5 9. Qd2 Rxc3 10. Bxf6 Rc8 11. Bg5 h6 12. Be3 Nc4 13. Bxc4 Rxc4 14. b3 Rc8 15. O-O e6 16. c4 a6 17. a4 Be7 18. a5 O-O 19. Ne2 Bc6 20. Nc3 f5 21. f3 Qe8 22. Rae1 Qg6 23. Bf4 Rcd8 24. Bg3 h5 25. Nd5 Bg5 26. f4 fxe4 27. fxg5 Rxf1+ 28. Rxf1 exd5 29. cxd5 Bb5 30. Rc1 Qf5 31. h3 Bd3 32. Rc7 Rf8 33. Qc3 Qxg5 34. Bxd6 Rf1+ 35. Kh2 Rf2 36. Bg3 Rc2 37. Qe5 Qxe5 38. Bxe5 Rxc7 39. Bxc7 Kf7 40. Kg3 1/2-1/2

[Event "FIDE WYCC Open U18 2023"]
[Site "Montesilvano"]
[Date "2023.11.16"]
[Round "4.29"]
[White "Domalchuk-Jonasson, Aleksandr"]
[Black "Qalichava, Akaki"]
[Result "1/2-1/2"]
[ECO "E32"]
[WhiteElo "2403"]
[BlackElo "2141"]
[Annotator "RC"]
[PlyCount "61"]
[EventDate "2023.11.13"]
[EventType "swiss"]
[EventCountry "ITA"]
[SourceTitle "playchess.com"]
[Source "ChessBase"]
[SourceQuality "1"]
[TimeControl "40/5400+30:1800+30"]

1. d4 Nf6 2. c4 e6 3. Nc3 Bb4 4. Qc2 O-O 5. a3 Bxc3+ 6. Qxc3 d6 7. f3 c5 8. dxc5 dxc5 9. Bg5 Nc6 10. e3 e5 11. Bd3 h6 12. Bh4 Qe7 13. Ne2 g5 14. Bf2 e4 15. Bc2 Ne5 16. f4 Nd3+ 17. Bxd3 exd3 18. Qxd3 Rd8 19. Qc2 Qe4 20. Qc3 Ng4 21. O-O Be6 22. Rac1 Nxf2 23. Rxf2 Rd3 24. Qf6 Rad8 25. Rcf1 Qxe3 26. Qxh6 g4 27. Ng3 Rd1 28. Qg5+ Kf8 29. Qh6+ Kg8 30. Qg5+ Kf8 31. Qh6+ 1/2-1/2

[Event "FIDE WYCC Open U18 2023"]
[Site "Montesilvano"]
[Date "2023.11.16"]
[Round "4.30"]
[White "Frank, Adam"]
[Black "Ang, Ern Jie Anderson"]
[Result "0-1"]
[ECO "B70"]
[WhiteElo "2330"]
[BlackElo "2103"]
[Annotator "RC"]
[PlyCount "116"]
[EventDate "2023.11.13"]
[EventType "swiss"]
[EventCountry "ITA"]
[SourceTitle "playchess.com"]
[Source "ChessBase"]
[SourceQuality "1"]
[TimeControl "40/5400+30:1800+30"]

1. e4 c5 2. Nf3 Nc6 3. d4 cxd4 4. Nxd4 g6 5. Nc3 Bg7 6. Nde2 d6 7. g3 Nf6 8. Bg2 O-O 9. O-O Bd7 10. h3 Rc8 11. Be3 a6 12. a4 Qc7 13. Qd2 Ne5 14. Qc1 b5 15. axb5 axb5 16. Ra7 Qd8 17. b3 b4 18. Nd5 Nxd5 19. exd5 Bb5 20. Qd2 Ra8 21. Rxa8 Qxa8 22. Rd1 Bxe2 23. Qxe2 Rc8 24. f4 Nd7 25. Qb5 Nf6 26. Qxb4 Rxc2 27. Rd2 Rc8 28. Kh2 h5 29. Qa4 Qb7 30. Rd4 Rc2 31. Qb4 Qxb4 32. Rxb4 Nxd5 33. Rb8+ Kh7 34. Bg1 Nc3 35. h4 Rb2 36. Kh3 Ne2 37. Be3 Bd4 38. Bxd4 Nxd4 39. b4 Kg7 40. Bf1 Rb1 41. Bd3 Rb3 42. Bc4 Rc3 43. Ba6 Nf5 44. b5 Rxg3+ 45. Kh2 Rb3 46. Bc8 e6 47. Bd7 d5 48. b6 d4 49. Bc6 d3 50. b7 Nd6 51. Rd8 Nxb7 52. Bxb7 Rxb7 53. Rxd3 Kf6 54. Kg3 Kf5 55. Ra3 Rb5 56. Rc3 f6 57. Ra3 Rb4 58. Ra5+ e5 0-1

[Event "FIDE WYCC Open U18 2023"]
[Site "Montesilvano"]
[Date "2023.11.16"]
[Round "4.31"]
[White "Gagic, Milan A"]
[Black "Marakovits, Nico"]
[Result "0-1"]
[ECO "B22"]
[WhiteElo "2164"]
[BlackElo "2324"]
[Annotator "RC"]
[PlyCount "154"]
[EventDate "2023.11.13"]
[EventType "swiss"]
[EventCountry "ITA"]
[SourceTitle "playchess.com"]
[Source "ChessBase"]
[SourceQuality "1"]
[TimeControl "40/5400+30:1800+30"]

1. e4 c5 2. Nf3 Nc6 3. c3 Nf6 4. e5 Nd5 5. d4 cxd4 6. cxd4 d6 7. Bc4 dxe5 8. dxe5 Ndb4 9. Qb3 e6 10. O-O Na5 11. Bb5+ Bd7 12. Qa4 Bxb5 13. Qxb5+ Nac6 14. Nc3 a6 15. Qe2 Qd3 16. Rd1 Qxe2 17. Nxe2 Be7 18. a3 Nd5 19. Nf4 Nxf4 20. Bxf4 Rd8 21. Be3 Rd7 22. Bb6 Bd8 23. Bxd8 Rxd8 24. Rxd8+ Kxd8 25. Kf1 Ke7 26. Ke2 h6 27. Rc1 Rd8 28. Ke3 Rd5 29. Ke4 Kd8 30. h4 Kc7 31. g4 Kd7 32. b4 a5 33. g5 axb4 34. gxh6 gxh6 35. axb4 Rb5 36. Rb1 Ke7 37. h5 Rxb4+ 38. Rxb4 Nxb4 39. Nd4 Nd5 40. Nb5 f5+ 41. Kf3 b6 42. Kg3 Kf8 43. Kf3 Nb4 44. Ke3 Nc6 45. Kf4 Ne7 46. Ke3 Nc8 47. Kd3 Ke7 48. Kc4 Kd7 49. Nd4 Ne7 50. Kb5 Nd5 51. Ne2 Kc7 52. Ka6 Nb4+ 53. Kb5 Nd3 54. f4 Kb7 55. Kc4 Nc5 56. Nd4 Ka6 57. Nc6 Nb7 58. Kb4 Nc5 59. Kc4 Kb7 60. Nd8+ Kc7 61. Nf7 Ne4 62. Nxh6 Ng3 63. Nf7 Nxh5 64. Ng5 Nxf4 65. Kb5 Kb7 66. Nf7 Nd5 67. Nd8+ Kc8 68. Nc6 Kd7 69. Nd4 f4 70. Ka6 Ke7 71. Kb5 Kf7 72. Kc6 Ne3 73. Kxb6 Nc4+ 74. Kc5 Nxe5 75. Kd6 f3 76. Nxe6 f2 77. Ng5+ Kg6 0-1

[Event "FIDE WYCC Open U18 2023"]
[Site "Montesilvano"]
[Date "2023.11.16"]
[Round "4.32"]
[White "Stepanencu, Nicodim-Cosmin"]
[Black "Rotondaro, Alberto"]
[Result "1-0"]
[ECO "B51"]
[WhiteElo "2289"]
[BlackElo "2065"]
[Annotator "RC"]
[PlyCount "69"]
[EventDate "2023.11.13"]
[EventType "swiss"]
[EventCountry "ITA"]
[SourceTitle "playchess.com"]
[Source "ChessBase"]
[SourceQuality "1"]
[TimeControl "40/5400+30:1800+30"]

1. e4 c5 2. Nf3 d6 3. Bb5+ Nd7 4. c3 Ngf6 5. Bd3 g6 6. Bc2 Bg7 7. d4 O-O 8. O-O b5 9. Qe2 Bb7 10. Re1 Qb6 11. a4 bxa4 12. Rxa4 Rac8 13. e5 dxe5 14. dxe5 Nd5 15. Na3 Bc6 16. Rh4 e6 17. Nc4 Qc7 18. Bh6 Bxh6 19. Rxh6 Rfd8 20. Ng5 Nf8 21. Qg4 Qe7 22. Qh4 f5 23. Nd6 Qg7 24. Ngf7 Rxd6 25. Nxd6 Rb8 26. Qg5 Rxb2 27. Bd3 Nxc3 28. Rh4 Rb4 29. Rc4 Rxc4 30. Bxc4 Nd5 31. Qd8 g5 32. Bxd5 Bxd5 33. Nxf5 Qb7 34. Nh6+ Kg7 35. Qf6# 1-0

[Event "FIDE WYCC Open U18 2023"]
[Site "Montesilvano"]
[Date "2023.11.17"]
[Round "5.1"]
[White "Ilamparthi A R"]
[Black "Arfan, Aditya Bagus"]
[Result "1-0"]
[ECO "B43"]
[WhiteElo "2385"]
[BlackElo "2415"]
[Annotator "RC"]
[PlyCount "59"]
[EventDate "2023.11.13"]
[EventType "swiss"]
[EventCountry "ITA"]
[SourceTitle "playchess.com"]
[Source "ChessBase"]
[SourceQuality "1"]
[TimeControl "40/5400+30:1800+30"]

1. e4 c5 2. Nf3 e6 3. d4 cxd4 4. Nxd4 a6 5. a3 Nf6 6. Nc3 Qc7 7. f4 d6 8. Be3 b5 9. g4 Bb7 10. Bg2 Nc6 11. Nxc6 Bxc6 12. g5 Nd7 13. Qe2 Be7 14. h4 Rb8 15. h5 Nb6 16. b3 O-O 17. O-O Ba8 18. Bd2 d5 19. exd5 Bxa3 20. Rxa3 Qc5+ 21. Kh1 Qxa3 22. h6 Rfe8 23. Re1 Rbc8 24. f5 Rcd8 25. Qe5 Qf8 26. g6 exf5 27. hxg7 Qb4 28. gxf7+ Kxf7 29. Qxf5+ Kxg7 30. Be4 1-0

[Event "FIDE WYCC Open U18 2023"]
[Site "Montesilvano"]
[Date "2023.11.17"]
[Round "5.2"]
[White "Juhasz, Agoston"]
[Black "Kostolansky, Sebastian Lukas"]
[Result "1-0"]
[ECO "B48"]
[WhiteElo "2401"]
[BlackElo "2427"]
[Annotator "RC"]
[PlyCount "69"]
[EventDate "2023.11.13"]
[EventType "swiss"]
[EventCountry "ITA"]
[SourceTitle "playchess.com"]
[Source "ChessBase"]
[SourceQuality "1"]
[TimeControl "40/5400+30:1800+30"]

1. e4 c5 2. Nf3 e6 3. d4 cxd4 4. Nxd4 Nc6 5. Nc3 Qc7 6. Be3 a6 7. Qf3 Nf6 8. O-O-O Ne5 9. Qg3 b5 10. f4 Neg4 11. Bd2 b4 12. Na4 h5 13. Bd3 d5 14. e5 Ne4 15. Bxe4 dxe4 16. h3 Nh6 17. Qb3 Bd7 18. Bxb4 Rb8 19. Bxf8 Rxb3 20. Bd6 Qa5 21. axb3 Bxa4 22. bxa4 Qxa4 23. Ba3 Qc4 24. Rhe1 Nf5 25. Nxf5 exf5 26. Re3 Qc8 27. Rc3 Qb7 28. Bd6 Kd7 29. Bf8+ Ke8 30. Bxg7 Rg8 31. Bf6 Qb8 32. Rb3 Qc8 33. Rd8+ Qxd8 34. Bxd8 Rxg2 35. Bb6 1-0